 Dungeon Crawl Stone Soup version 0.22-a0-467-g5c5de1c (webtiles) character file.

182 saradell the Slasher (level 5, -3/42 HPs)
             Began as a Demonspawn Berserker on June 10, 2018.
             Was a Believer of Trog.
             Killed from afar by an electric eel (8 damage)
             ... with a bolt of electricity
             ... on level 3 of the Dungeon.
             The game lasted 00:35:55 (3086 turns).

saradell the Slasher (Demonspawn Berserker)         Turns: 3086, Time: 00:35:56

Health: -3/42      AC:  8    Str: 17    XL:     5   Next: 34%
Magic:  5/5        EV: 13    Int:  8    God:    Trog [**....]
Gold:   108        SH:  0    Dex: 14    Spells: 4/4 levels left

rFire    . . .     SeeInvis .   a - +0 falchion
rCold    . . .     Gourm    .   (no shield)
rNeg     . . .     Faith    .   b - +0 animal skin
rPois    .         Spirit   .   (no helmet)
rElec    .         Reflect  .   (no cloak)
rCorr    .         Harm     .   (no gloves)
MR       .....                  (no boots)
Stlth    ++........             (no amulet)
HPRegen  0.14/turn              (no ring)
MPRegen  0.09/turn              (no ring)

@: sanguine armour
A: demonic guardian 1, sanguine armour 1
a: Berserk, Trog's Hand, Renounce Religion


You were on level 3 of the Dungeon.
You worshipped Trog.
Trog was pleased with you.
You were hungry.

You visited 1 branch of the dungeon, and saw 3 of its levels.

You collected 108 gold pieces.

Inventory:

Hand Weapons
 a - a +0 falchion (weapon)
 e - a +0 whip
 t - a +0 mace
 v - a +2 dagger of venom
Missiles
 o - 22 poisoned needles
 p - 70 stones (quivered)
Armour
 b - a +0 animal skin (worn)
 d - a +0 ring mail
 g - a +0 leather armour
 h - a +0 leather armour
 i - a +0 ring mail
 u - a +0 ring mail
 y - a +0 chain mail
Jewellery
 k - a +2 ring of intelligence {unknown}
Wands
 z - a wand of flame (27)
Scrolls
 f - a scroll of remove curse
 j - a scroll of blinking {unknown}
 m - a scroll of amnesia {unknown}
 q - a scroll of fear {unknown}
 r - a scroll of enchant weapon {unknown}
 s - a scroll of magic mapping {unknown}
 w - a scroll of enchant armour {unknown}
 x - a scroll of immolation {unknown}
Potions
 l - a potion of curing {unknown}
 n - a potion of degeneration {unknown}
Comestibles
 c - 4 rations


   Skills:
 + Level 4.0 Fighting
 + Level 4.2 Long Blades
 + Level 1.9 Armour
 + Level 2.8 Dodging
 + Level 0.8 Stealth


You had 4 spell levels left.
You didn't know any spells.
Your spell library was empty.

Dungeon Overview and Level Annotations

Branches:
Dungeon (3/15)

Altars:


Innate Abilities, Weirdness & Mutations

A weak demonic guardian rushes to your aid.
When seriously injured, your bleeding wounds create armour. (AC +6)


Message History

The bolt of electricity hits you!
The bolt of electricity hits the plant.
There is an open door here.
The electric eel shoots out a bolt of lightning at you!
The bolt of electricity hits you!
* * * LOW HITPOINT WARNING * * *
The bolt of electricity hits the electric eel.
The electric eel completely resists.
The bolt of electricity hits the electric eel.
The electric eel completely resists.
The electric eel shoots out a bolt of lightning at you!
The bolt of electricity hits you!
* * * LOW HITPOINT WARNING * * *
The bolt of electricity hits the electric eel.
The electric eel completely resists.
The bolt of electricity hits the electric eel.
The electric eel completely resists.
Found an escape hatch in the ceiling.
The electric eel shoots out a bolt of lightning at you!
The bolt of electricity hits you!
You die...

# #.#.# #... .. # #.#.#
... .... # #.#.# #.#
...# #
#.#.####.###.#.####
######.#.#......g.......
.......#.#.#############
......÷...÷#8P#;≈≈≈≈≈≈#P
.#######...#..#.......#.
.# #..©#©.'.@.⌠...+ ##
#...#..#.......#. #
#.#.#8≈#;5≈≈≈≈≈#P
#.#.#############
#.#..o.bo........
#.############.<# #(#
... #.# .#


You could see 2 electric eels, 2 orcs, a goblin, a bat and a friendly iron imp.

Vanquished Creatures
  An ogre (D:3)
  An adder (D:2)
  3 worms (D:2)
  4 dart slugs
  2 leopard geckos
  3 orcs (D:3)
  A ball python (D:2)
  2 giant cockroaches
  11 hobgoblins
  8 jackals
  5 bats
  4 frilled lizards
  6 goblins
  2 kobolds (D:1)
  6 rats
  A plant (D:3)
60 creatures vanquished.

Vanquished Creatures (collateral kills)
  Terence (D:2)
  Natasha (D:2)
2 creatures vanquished.

Grand Total: 62 creatures vanquished

Notes
Turn   | Place    | Note
-------+----------+-------------------------------------------
     0 | D:1      | saradell the Demonspawn Berserker began the quest for the Orb.
     0 | D:1      | Reached XP level 1. HP: 18/18 MP: 1/1
   358 | D:1      | Gained mutation: When seriously injured, your bleeding wounds create armour. (AC +6) [demonic ancestry]
   358 | D:1      | Reached XP level 2. HP: 19/24 MP: 2/2
   695 | D:1      | Gained mutation: A weak demonic guardian rushes to your aid. [demonic ancestry]
   695 | D:1      | Reached XP level 3. HP: 26/29 MP: 3/3
   787 | D:1      | Reached ** piety under Trog
  1468 | D:2      | Noticed Natasha
  1481 | D:2      | Killed Natasha
  1793 | D:2      | Reached XP level 4. HP: 21/36 MP: 4/4
  2301 | D:2      | Noticed Terence
  2327 | D:2      | Killed Terence
  2532 | D:3      | Noticed an ogre
  2541 | D:3      | Killed an ogre
  2541 | D:3      | Reached XP level 5. HP: 31/42 MP: 5/5
  2696 | D:3      | Found a transporter.
  3086 | D:3      | Killed from afar by an electric eel

Vault maps used:
D:1:      ncdulo_halloftheorcs
D:2:      uniq_terence, uniq_natasha
D:3:      gammafunk_steamed_eel, grunt_temple_overflow_diamond,
          hangedman_decor_opposing

Skill      XL: |  1  2  3  4  5 |
---------------+----------------+-----
Dodging        | 2 |  2.8
Long Blades    | 3 4 |  4.2
Fighting       | 4 |  4.0
Armour         | |  1.9
Stealth        | |  0.8

Action                   |  1- 3 |  4- 6 || total
-------------------------+-------+-------++-------
Melee: Falchion          |   139 |   116 ||   255
  Use: Scroll            |     1 |       ||     1
 Stab: Sleeping          |     1 |     2 ||     3
       Distracted        |       |     1 ||     1
  Eat: Ration            |     1 |     1 ||     2
Armor: Animal skin       |    20 |    13 ||    33
Dodge: Dodged            |    71 |    43 ||   114
       Rpst.: Falchion   |    27 |    18 ||    45

Table legend:
 A = Spawn XP
 B = Non-spawn XP
 C = Spawn XP percentage of total XP
 D = Spawn monster count
 E = Non-spawn monster count
 F = Spawn count percentage of total count
 G = Total turns spent on level
                    A         B        C        D         E        F      G
               +---------+---------+-------+---------+---------+-------+---------
         Total |       0 |     260 |   0.0 |       0 |      61 |   0.0 |  3086
               +---------+---------+-------+---------+---------+-------+---------
           D:1 |       0 |      49 |   0.0 |       0 |      27 |   0.0 |  1319
           D:2 |       0 |     102 |   0.0 |       0 |      26 |   0.0 |  1213
           D:3 |       0 |     109 |   0.0 |       0 |       8 |   0.0 |   554
               +---------+---------+-------+---------+---------+-------+---------
